 Dungeon Crawl Stone Soup version 0.30-a0-824-g6c64550be9 (console) character file.

Game seed: 1267722503518196503

113698 jejorda2 the Phalangite (level 16, 0/127 HPs)
             Began as a Merfolk Berserker on Feb 27, 2023.
             Was a High Priest of Trog.
             Slain by a five-headed hydra (5 damage)
             ... on level 14 of the Dungeon.
             The game lasted 00:57:11 (21522 turns).

jejorda2 the Phalangite (Merfolk Berserker)        Turns: 21522, Time: 00:57:11

Health: 0/127      AC: 32    Str: 29    XL:     16   Next: 63%
Magic:  16/16      EV:  7    Int:  7    God:    Trog [*****.]
Gold:   1870       SH:  0    Dex: 13    Spells: 15/15 levels left

rFire   + + .      SeeInvis .    a - +12 glaive {flame, Str+4 Stlth-}
rCold   . . .      Faith    +    (shield currently unavailable)
rNeg    . . .      Spirit   .    H - +0 crystal plate armour
rPois   +          Reflect  .    o - +2 helmet
rElec   .          Harm     .    L - +1 cloak of Daiva Anyme {Contam +Inv rPois rF++}
rCorr   .          Rampage  .    p - +2 pair of gloves
Will    +....                    D - +0 pair of boots Stlth
                                 c - amulet of faith
HPRegen 0.41/turn                J - ring of flight
MPRegen 0.15/turn                (no ring)

@: marked, on berserk cooldown, flying, slowed, very slow
A: (nimble swimmer 2), mertail
a: Renounce Religion, Evoke Invisibility, Berserk, Trog's Hand, Brothers in Arms


You were on level 14 of the Dungeon.
You worshipped Trog.
Trog was extremely pleased with you.
You visited 2 branches of the dungeon, and saw 19 of its levels.
You also visited: Sewer, Ossuary, Bailey and Volcano.

You collected 1870 gold pieces.

Inventory:

Hand Weapons
 a - the +12 glaive of Ziliadd (weapon) {flame, Str+4 Stlth-}
   (You acquired it on level 5 of the Lair of Beasts)

   Str:       It affects your strength (+4).
   Stlth:     It makes you less stealthy.
 b - a +3 antimagic glaive
Missiles
 d - 29 poisoned darts (quivered)
 h - 169 stones
 B - 6 boomerangs
 E - 3 silver boomerangs
 K - a throwing net
Armour
 o - a +2 helmet (worn)
 p - a +2 pair of gloves (worn)
 D - a +0 pair of boots (worn)
 H - a +0 crystal plate armour (worn)
 L - the +1 cloak of Daiva Anyme (worn) {Contam +Inv rPois rF++}
   (You acquired it on level 10 of the Dungeon)

   rF:        It greatly protects you from fire.
   rPois:     It protects you from poison.
   +Inv:      It lets you turn invisible.
   Contam:    It causes magical contamination when unequipped.
Jewellery
 c - an amulet of faith (around neck)
 J - a ring of flight (left hand)
Wands
 n - a wand of polymorph (4)
 q - a wand of digging (3)
 A - a wand of flame (50)
 C - a wand of mindburst (36)
 N - a wand of roots (7)
 O - a wand of acid (4)
Scrolls
 e - 3 scrolls of immolation
 f - 5 scrolls of fear
 g - 10 scrolls of teleportation
 i - 4 scrolls of magic mapping
 j - 7 scrolls of enchant weapon
 u - 6 scrolls of blinking
 y - 5 scrolls of fog
 G - 9 scrolls of identify
 I - 7 scrolls of summoning
 M - 2 scrolls of silence
Potions
 k - 7 potions of flight
 l - 3 potions of mutation
 m - 2 potions of ambrosia
 r - 6 potions of heal wounds
 s - 6 potions of haste
 t - 2 potions of might
 v - 2 potions of invisibility
 w - 6 potions of curing
 x - 6 potions of cancellation
 z - 4 potions of attraction
 F - 2 potions of resistance


   Skills:
 + Level 12.1 Fighting
 + Level 21.3 Polearms
 - Level 12.0 Throwing
 + Level 12.0 Armour
 - Level 2.8 Dodging
 - Level 7.0 Evocations


You had 15 spell levels left.
You didn't know any spells.
Your spell library was empty.

Dungeon Overview and Level Annotations

Branches:
Dungeon (14/15)            Temple (0/1) D:7            Lair (5/5) D:9
  Swamp (0/4) Lair:3        Snake (0/4) Lair:2        Slime (0/5) Lair:4
    Orc (0/2) D:12         Vaults (0/5) D:13          Sewer (visited)
Ossuary (visited)          Bailey (visited)         Volcano (visited)

Altars:
Cheibriados
Kikubaaqudgha
Nemelex Xobeh
Okawaru
Sif Muna
Trog
Vehumet
Xom
Yredelemnul
The Shining One
Jiyva

Shops:
D:12 ([   D:13 :

Annotations:
D:3 exclusion: statue
D:14 1 runed translucent door, Kirke
Lair:2 3 runed translucent doors, TheSexyCheese's ghost, journeyman TrFi


Innate Abilities, Weirdness & Mutations

((You are very nimble when in or above water. (Stealth+, EV+, Speed+++)))
Your lower body shifts to a powerful aquatic tail in water.


Message History

A sentinel's mark forms upon you.
There is an open door here.
You lop one of the eight-headed hydra's heads off!
The flame cauterises the wound!
You slash the seven-headed hydra! You burn the seven-headed hydra.
The seven-headed hydra is lightly wounded.
The seven-headed hydra bites you!
The seven-headed hydra closely misses you.
The seven-headed hydra bites you!
* * * LOW HITPOINT WARNING * * *
The seven-headed hydra bites you but does no damage.
The seven-headed hydra completely misses you.
The seven-headed hydra bites you but does no damage.
The seven-headed hydra bites you.
* * * LOW HITPOINT WARNING * * *
You hack one of the seven-headed hydra's heads off!
The flame cauterises the wound!
You slice the six-headed hydra!! You burn the six-headed hydra!
The six-headed hydra is heavily wounded.
The six-headed hydra bites you!
* * * LOW HITPOINT WARNING * * *
The six-headed hydra bites you but does no damage.
The six-headed hydra barely misses you. x2
The six-headed hydra bites you but does no damage. x2
You hack one of the six-headed hydra's heads off!
The flame cauterises the wound!
You slash the five-headed hydra! You burn the five-headed hydra.
The five-headed hydra is severely wounded.
The five-headed hydra bites you but does no damage.
The five-headed hydra closely misses you.
The five-headed hydra completely misses you.
The five-headed hydra barely misses you.
The five-headed hydra bites you!
* * * LOW HITPOINT WARNING * * *
The five-headed hydra bites you but does no damage.
The five-headed hydra bites you!
* * * LOW HITPOINT WARNING * * *
The five-headed hydra bites you but does no damage. x2
The five-headed hydra bites you.
You die...

#........# #........# #........#
######### #........# #.......#
#.@......# #.......# #.####...#
#.......###h#e}#...#
#.......#...#W)#...#
#......@#.h.+W[#...#####
##########.......D@..####........
#......##........##### #.#.#####.
#................# #.#.#.....
#.......########## #.#.#.####
######>.......... .....


#lcQ .......#......... #. #c## ...............# #. .c ...^...#.#####.# #.#. You
could see Kirke and a five-headed hydra.

Vanquished Creatures
  Jorgrun (D:13)
  An ironbound preserver (D:13)
  A fire dragon (Lair:5)
  4 hydras
  A ghost crab (Lair:3)
  A boulder beetle (D:13)
  4 two-headed ogres
  A catoblepas (Lair:2)
  A centaur warrior (D:14)
  2 tengu warriors (D:14)
  2 skysharks (Lair:3)
  Lodul (D:12)
  Amaemon (D:9)
  A fire crab (Lair:3)
  2 skeletal warriors (D:13)
  A swamp dragon (Lair:5)
  A spectral hydra (Lair:3)
  5 orc knights
  9 ugly things
  6 cyclopes
  An orc sorcerer (Volcano)
  3 manticores
  5 centaur zombies (D:13)
  9 black mambas
  2 torpor snails (Lair:5)
  A smoke demon (Volcano)
  7 elephants
  2 gargoyles (D:12)
  Maggie (D:8)
  An orange demon (D:9)
  An unseen horror (D:13)
  13 cane toads
  2 kobold demonologists (D:12)
  2 efreet (D:13)
  A freezing wraith (D:14)
  A rime drake (Lair:4)
  10 komodo dragons
  3 meliai (D:13)
  6 trolls
  2 red devils (Volcano)
  4 hornets
  Prince Ribbit (D:6)
  2 polar bears
  18 blink frogs
  7 dream sheep (Lair:3)
  A meliai zombie (D:13)
  6 slime creatures (D:13)
  Sigmund (D:2)
  A vampire (D:13)
  54 yaks
  A ynoxinul (D:9)
  11 wyverns
  4 shadows
  5 wraiths
  Eustachio (D:6)
  2 hogs (D:14)
  8 vampire mosquitoes
  6 basilisks
  5 steam dragons
  A naga (Lair:2)
  21 water moccasins
  A hell hound (Volcano)
  3 acid dragons
  18 orc warriors
  2 black bears (D:9)
  2 swamp drakes (Lair:5)
  2 sky beasts
  2 spectral blink frogs (Lair:3)
  4 ice beasts
  9 wolves
  3 centaurs
  8 ogres
  3 phantoms
  5 kobold brigands
  3 gnoll sergeants
  9 bullfrogs
  A necrophage (D:7)
  2 scorpions
  4 water moccasin zombies (Ossuary)
  7 wights
  6 killer bees
  An electric eel (Lair:1)
  6 howler monkeys
  2 hounds
  4 jellies
  2 gnoll boudas
  8 orc priests
  Jessica (D:2)
  A boggart zombie (D:13)
  9 iguanas
  12 orc wizards
  Natasha (thrice) (D:3)
  2 mummies (Ossuary)
  Robin (D:2)
  27 gnolls
  6 adders
  3 river rats (Sewer)
  A white imp (D:6)
  An ufetubus (D:7)
  4 adder zombies (Ossuary)
  A worm (D:4)
  4 dart slugs
  52 orcs
  4 endoplasms
  5 giant cockroaches
  17 goblins
  9 hobgoblins
  10 jackals
  9 quokkas
  9 ball pythons
  3 bats
  6 frilled lizards
  3 gnoll zombies (Ossuary)
  2 hobgoblin zombies (Ossuary)
  17 kobolds
  4 kobold zombies (Ossuary)
  4 orc zombies (Ossuary)
  4 rats
630 creatures vanquished.

Vanquished Creatures (collateral kills)
  A catoblepas (Lair:5)
  A wolf spider (Lair:5)
  A black mamba (Lair:5)
  A guardian serpent (Lair:5)
  2 blink frogs (Lair:5)
  A wyvern (Lair:5)
  A yak (Lair:5)
  2 redbacks (Lair:5)
  2 steam dragons (Lair:5)
  An orc (D:5)
13 creatures vanquished.

Vanquished Creatures (others)
  A bush (Lair:3)
  37 fungi
  98 plants
  3 toadstools (D:2)
  A withered plant (D:13)
140 creatures vanquished.

Grand Total: 783 creatures vanquished

Notes
Turn   | Place    | Note
-------+----------+-------------------------------------------
     0 | D:1      | jejorda2 the Merfolk Berserker began the quest for the Orb.
     0 | D:1      | Reached XP level 1. HP: 18/18 MP: 1/1
   134 | D:1      | Reached XP level 2. HP: 23/24 MP: 2/2
   361 | D:1      | Reached ** piety under Trog
   375 | D:1      | Reached skill level 5 in Polearms
   400 | D:1      | Reached XP level 3. HP: 28/30 MP: 3/3
   631 | D:1      | Found a faded altar of an unknown god.
   940 | D:2      | Noticed Jessica
   947 | D:2      | Killed Jessica
  1047 | D:2      | Reached XP level 4. HP: 37/37 MP: 4/4
  1104 | D:2      | Noticed Sigmund
  1109 | D:2      | Noticed Robin
  1119 | D:2      | Killed Sigmund
  1120 | D:2      | Reached skill level 7 in Polearms
  1120 | D:2      | Reached XP level 5. HP: 43/43 MP: 5/5
  1127 | D:2      | Reached XP level 6. HP: 23/50 MP: 6/6
  1147 | D:2      | Killed Robin
  1539 | D:3      | Noticed Natasha
  1544 | D:3      | Killed Natasha
  1545 | D:3      | Reached skill level 5 in Fighting
  1596 | D:3      | Noticed Natasha
  1607 | D:3      | Killed Natasha
  1624 | D:3      | Found a glowing golden altar of the Shining One.
  1645 | D:3      | Reached skill level 8 in Polearms
  1726 | D:3      | Noticed Natasha
  1734 | D:3      | Killed Natasha
  1791 | D:3      | Found a radiant altar of Vehumet.
  1892 | D:3      | Reached *** piety under Trog
  2236 | D:4      | Found a sand-covered staircase.
  2261 | Ossuary  | Entered an ossuary
  2343 | Ossuary  | Reached XP level 7. HP: 53/56 MP: 7/7
  2417 | Ossuary  | Reached skill level 9 in Polearms
  2633 | D:4      | Found a basalt altar of Yredelemnul.
  2640 | D:4      | Reached **** piety under Trog
  2809 | D:4      | Reached skill level 10 in Polearms
  2905 | D:4      | Reached XP level 8. HP: 64/64 MP: 8/8
  3056 | D:4      | Reached skill level 11 in Polearms
  3197 | D:5      | Entered Level 5 of the Dungeon
  3411 | D:5      | Found a glowing drain.
  3438 | Sewer    | Entered a sewer
  3530 | Sewer    | Reached skill level 12 in Polearms
  4057 | D:5      | Reached XP level 9. HP: 58/69 MP: 9/9
  4170 | D:5      | Reached skill level 13 in Polearms
  4256 | D:5      | Reached ***** piety under Trog
  4532 | D:6      | Noticed Eustachio
  5010 | D:6      | Noticed Prince Ribbit
  5023 | D:6      | Reached skill level 14 in Polearms
  5039 | D:6      | Killed Prince Ribbit
  5388 | D:6      | Killed Eustachio
  5777 | D:7      | Received a gift from Trog
  5812 | D:7      | Reached skill level 15 in Polearms
  5830 | D:7      | Reached XP level 10. HP: 76/76 MP: 10/10
  5844 | D:7      | Reached skill level 5 in Armour
  6100 | D:7      | Found a staircase to the Ecumenical Temple.
  6644 | D:8      | Noticed Maggie
  6656 | D:8      | Killed Maggie
  6657 | D:8      | Reached skill level 16 in Polearms
  7470 | D:8      | Found a snail-covered altar of Cheibriados.
  7645 | D:8      | Reached skill level 17 in Polearms
  7880 | D:9      | Noticed Amaemon
  7898 | D:9      | Killed Amaemon
  7899 | D:9      | Noticed an orange demon
  7905 | D:9      | Killed an orange demon
  7906 | D:9      | Reached XP level 11. HP: 58/81 MP: 11/11
  8061 | D:9      | Reached skill level 18 in Polearms
  8067 | D:9      | Received a gift from Trog
  8126 | D:9      | Found a staircase to the Lair.
  8294 | D:9      | Found a shimmering blue altar of Sif Muna.
  8310 | D:9      | Reached skill level 19 in Polearms
  8324 | D:9      | Found a bloodstained altar of Trog.
  8487 | D:9      | Found an ancient bone altar of Kikubaaqudgha.
  8627 | D:9      | Identified the +1 robe of Gozag's Pride {Drain rElec SInv}
  8915 | D:10     | Entered Level 10 of the Dungeon
  8959 | D:10     | Found a flagged portal.
  8985 | Bailey   | Entered a bailey
  9119 | Bailey   | Reached skill level 21 in Polearms
  9119 | Bailey   | Reached XP level 12. HP: 93/93 MP: 12/12
  9371 | Bailey   | Reached skill level 1 in Throwing
  9474 | Bailey   | Upgraded the game from 0.30-a0-823-geb93a13fce to
                  | 0.30-a0-824-g6c64550be9
  9717 | D:10     | Found a sparkling altar of Nemelex Xobeh.
  9842 | D:10     | Found an iron altar of Okawaru.
 10233 | D:10     | Found a shimmering altar of Xom.
 10235 | D:10     | Received a gift from Trog
 10322 | D:10     | Identified a scroll of acquirement
 10331 | D:10     | Acquired the +1 cloak of Daiva Anyme {Contam +Inv rPois
                  | rF++}
 10722 | D:11     | Noticed a two-headed ogre
 10730 | D:11     | Killed a two-headed ogre
 10731 | D:11     | Reached XP level 13. HP: 101/101 MP: 13/13
 11751 | D:12     | Noticed Lodul
 11752 | D:12     | Found a staircase to the Orcish Mines.
 11752 | D:12     | Found Hasmonn's Armour Shoppe.
 11777 | D:12     | Killed Lodul
 11871 | D:12     | Found Pefeyniq's Weapon Shoppe.
 12220 | D:12     | Reached skill level 10 in Fighting
 12424 | Lair:1   | Entered Level 1 of the Lair of Beasts
 12430 | Lair:1   | Reached skill level 5 in Throwing
 13224 | Lair:2   | Reached ****** piety under Trog
 13680 | Lair:2   | Found a staircase to the Snake Pit.
 13833 | Lair:2   | Found a runed translucent gate.
 13834 | Lair:2   | Found a runed translucent gate.
 13835 | Lair:2   | Found a runed translucent gate.
 13837 | Lair:2   | Noticed TheSexyCheese's ghost (journeyman TrFi)
 15135 | Lair:3   | Reached XP level 14. HP: 45/111 MP: 14/14
 15514 | Lair:3   | Reached skill level 10 in Armour
 15741 | Lair:3   | Found a staircase to the Swamp.
 16169 | Lair:4   | Found a viscous altar of Jiyva.
 16175 | Lair:4   | Found a staircase to the Slime Pits.
 16493 | Lair:4   | Found a shimmering altar of Xom.
 16791 | Lair:5   | Entered Level 5 of the Lair of Beasts
 16892 | Lair:5   | Identified the +5 halberd "Zany" {heavy, Str+4} (Trog
                  | gifted it to you on level 5 of the Lair of Beasts)
 16892 | Lair:5   | Received a gift from Trog
 16937 | Lair:5   | Found a dark tunnel.
 17055 | Volcano  | Entered a volcano
 17124 | Volcano  | Reached XP level 15. HP: 120/120 MP: 15/15
 17732 | Lair:5   | Reached skill level 1 in Evocations
 17880 | Lair:5   | Received a gift from Trog
 18591 | Lair:5   | Paralysed by a hornet for 2 turns
 18600 | Lair:5   | Acquired the +12 glaive of Ziliadd {flame, Str+4 Stlth-}
 18742 | Lair:5   | Reached XP level 16. HP: 118/127 MP: 16/16
 18949 | Lair:5   | Reached skill level 5 in Evocations
 19370 | D:12     | Reached skill level 10 in Throwing
 19636 | D:13     | Received a gift from Trog
 19856 | D:13     | Noticed Jorgrun
 20034 | D:13     | Killed Jorgrun
 20324 | D:13     | Found Goquijoz's Book Emporium.
 20885 | D:13     | Found a gate to the Vaults.
 21421 | D:14     | Found a runed translucent door.
 21492 | D:14     | Noticed Kirke
 21522 | D:14     | HP: 5/127 [five-headed hydra (7)]
 21522 | D:14     | Slain by a five-headed hydra

Illustrated notes

Levels and vault maps discovered:
D:1:      lemuel_arrival_hallway, layout_loops_ring,
          ebering_ecumenical_altar_abandoned
D:2:      layout_rooms, minmay_gold_behind_fungi, uniq_robin, uniq_sigmund,
          uniq_jessica
D:3:      layout_loops_ring, nicolae_tso_swordbearing_angel, vehumet_statue,
          serial_bayou_pond_d, uniq_natasha
D:4:      layout_loops_cross, mainiacjoe_overflow_brackets, enter_ossuary_1
D:5:      layout_basic, gup_sewer_entry_pipe
D:6:      layout_cave_pods, uniq_prince_ribbit1, uniq_eustachio
D:7:      layout_basic, minmay_temple_entry_butterflies
D:8:      layout_basic, mainiacjoe_overflow_24_doors, uniq_maggie
D:9:      layout_roguey, kiku_gazebo_pond_becter,
          nzn_overflow_gifts_of_might_and_magic, david_lair_generic,
          serial_glass, glass_columns_a, glass_columns_b, glass_columns_b,
          glass_columns_c, glass_columns_c, glass_columns_c, minmay_puff,
          uniq_amaemon
D:10:     layout_basic, old_standard_altar, nemelex_spade_bored_becter,
          mainiacjoe_overflow_tiny_flanked, enter_bailey_4
D:11:     layout_cave_pools
D:12:     layout_grid_maze, orc_david_3, serial_bayou_lagoon_a, uniq_lodul
D:13:     layout_layer_cave, skrybe_vaults_entry_preservation, serial_shops,
          shop_fountains, serial_undead, serial_undead_d, serial_undead_c,
          serial_undead_c, serial_undead_a, uniq_jorgrun
D:14:     layout_basic, kennysheep_another_room, kennysheep_treasure_room,
          uniq_kirke
Lair:1:   layout_gridlike, infiniplex_staircase_pool
Lair:2:   layout_long_grid, guppyfry_snake_entry_island,
          gammafunk_ghost_hydra_chop, guppyfry_lair_drakes,
          infiniplex_staircase_pool_2, lemuel_fruit_tree
Lair:3:   layout_loops_ring, nicolae_swamp_entry_spooky, serial_bayou_shore_b,
          serial_bayou_shore_b
Lair:4:   layout_roguey, nicolae_slime_entry_field_trip, basic_altar
Lair:5:   hangedman_lair_tendril_chambers, layout_misc_corridors,
          guppyfry_lair_end_dragon, enter_volcano_2

Skill      XL: |  1  2  3  4  5  6  7  8  9 10 11 12 13 14 15 16 |
---------------+-------------------------------------------------+-----
Polearms       | 5 7 8 10 12 15 17 21 | 21.3
Fighting       | 4 5 6 8 9 10 11 12 | 12.1
Armour         | 3 4 6 7 9 11 12 | 12.0
Throwing       | 3 6 7 9 12 | 12.0
Evocations     | 4 7 |  7.0
Dodging        | |  2.8

Action                     |  1- 3 |  4- 6 |  7- 9 | 10-12 | 13-15 | 16-18 || total
---------------------------+-------+-------+-------+-------+-------+-------++-------
  Melee: Spear             |    83 |    16 |       |       |       |       ||    99
         Halberd           |       |   117 |   414 |       |       |       ||   531
         Tailslap          |       |       |     7 |       |       |       ||     7
         Glaive            |       |       |     1 |   469 |   760 |   235 ||  1465
  Throw: Dart              |       |       |     4 |    32 |    24 |       ||    60
 Invoke: Berserk           |     1 |     1 |     3 |     6 |     6 |     2 ||    19
         Trog's Hand       |       |     4 |     3 |     5 |     7 |     5 ||    24
         Brothers in Arms  |       |       |     1 |       |     1 |     1 ||     3
    Use: Scroll            |       |     7 |    18 |     8 |     3 |     1 ||    37
         Potion            |       |     1 |       |     4 |     2 |     1 ||     8
   Stab: Invisible         |       |     5 |       |     2 |       |       ||     7
         Petrified         |       |       |       |       |       |     2 ||     2
         Distracted        |       |       |       |       |       |     1 ||     1
 Armour: Animal skin       |     8 |       |       |       |       |       ||     8
         Ring mail         |     5 |    63 |    21 |       |       |       ||    89
         Skin              |       |     1 |       |       |       |       ||     1
         Plate armour      |       |       |   181 |   184 |       |       ||   365
         Crystal plate arm |       |       |       |    71 |   515 |   238 ||   824
  Dodge: Dodged            |    45 |    91 |   112 |   110 |   154 |    59 ||   571

Table legend: (Time is in decaauts)
 A = Elapsed time spent in this place.
 B = Non-inter-level travel time spent in this place.
 C = Inter-level travel time spent in this place.
 D = Time resting spent in this place.
 E = Time spent auto-exploring this place.
 F = Levels seen in this place.
 G = Mean time per level.
                   A        B        C        D        E       F      G
               +--------+--------+--------+--------+--------+-----+--------+
         Total |  21097 |  19986 |   1111 |   1573 |  14332 |  23 |  917.3 |
       Dungeon |  13110 |  12392 |    718 |    931 |   9094 |  14 |  936.4 |
          Lair |   6325 |   5932 |    393 |    596 |   4383 |   5 | 1265.0 |
         Sewer |    469 |    469 |      0 |      0 |    282 |   1 |  469.0 |
       Ossuary |    252 |    252 |      0 |      0 |    135 |   1 |  252.0 |
        Bailey |    667 |    667 |      0 |     44 |    285 |   1 |  667.0 |
       Volcano |    270 |    270 |      0 |      1 |    152 |   1 |  270.0 |
               +--------+--------+--------+--------+--------+-----+--------+

Top non-repeatable levels by time:
  Lair:5: 1841 daAuts
    D:12: 1798 daAuts
  Lair:3: 1644 daAuts
    D:13: 1416 daAuts
  Lair:2: 1358 daAuts
     D:7: 1354 daAuts
     D:9: 1099 daAuts
    D:10: 1037 daAuts
     D:6: 1018 daAuts
     D:5: 981 daAuts
     D:1: 808 daAuts
  Lair:4: 755 daAuts
     D:4: 752 daAuts
     D:8: 741 daAuts
  Lair:1: 725 daAuts
